 Dungeon Sprint DCSS version 0.27-a0-550-ge92ec0ca06 (webtiles) character file.

Game seed: 17696647838730458059

12002 mhtbhm the Severer (level 11, -4/113 HPs)
             Began as a Minotaur Fighter on Mar 7, 2021.
             Was the Champion of Trog.
             Slain by a phantasmal warrior (23 damage)
             ... in the Dungeon (Sprint VII: "The Pits").
             The game lasted 00:04:32 (2890 turns).

mhtbhm the Severer (Minotaur Fighter)               Turns: 2890, Time: 00:04:34

Health: -4/113     AC: 22    Str: 25    XL:     11   Next: 56%
Magic:  10/10      EV: 10    Int:  8    God:    Trog [******]
Gold:   0          SH: 14    Dex:  9    Spells: 10/10 levels left

rFire    . . .     SeeInvis .   a - +5 broad axe (vorpal)
rCold    . . .     Faith    .   c - +0 kite shield
rNeg     . . .     Spirit   .   b - +4 chain mail
rPois    .         Reflect  .   (helmet restricted)
rElec    .         Harm     .   (no cloak)
rCorr    .         Rampage  .   (no gloves)
Will     .....     NoTele   +   q - +0 pair of boots
Stlth    ..........             (no amulet)
HPRegen  0.28/turn              n - +3 ring of intelligence
MPRegen  0.12/turn              o - +3 ring of protection

@: weak-willed, berserk cooldown, slowed, very slow
A: horns 2, retaliatory headbutt
a: Renounce Religion, Berserk, Trog's Hand, Brothers in Arms


You were in the Dungeon.
You worshipped Trog.
Trog was exalted by your worship.
You visited 1 branch

Inventory:

Hand Weapons
 a - a +5 vorpal broad axe (weapon)
Armour
 b - a +4 chain mail (worn)
 c - a +0 kite shield (worn)
 q - a +0 pair of boots (worn)
Jewellery
 n - a +3 ring of intelligence (left hand)
 o - a +3 ring of protection (right hand)
Wands
 m - a wand of random effects (20)
 r - a wand of digging (3)
Scrolls
 j - a scroll of blinking
 l - a scroll of summoning
Potions
 d - a potion of might
 e - 6 potions of curing
 f - 11 potions of heal wounds
 g - 4 potions of haste
 h - 4 potions of magic
 i - 3 potions of berserk rage
 k - 2 potions of invisibility
 p - 2 potions of mutation


   Skills:
 + Level 15.5 Fighting
 + Level 18.6 Axes
 + Level 16.3 Armour
 + Level 5.1 Dodging
 - Level 1.8 Stealth
 + Level 15.7 Shields


You had 10 spell levels left.
You didn't know any spells.
Your spell library was empty.

Dungeon Overview and Level Annotations

Branches:
Dungeon (1/1)

Altars:
Ashenzari
Cheibriados
Dithmenos
Elyvilon
Fedhas
Gozag
Hepliaklqana
Kikubaaqudgha
Makhleb
Nemelex Xobeh
Okawaru
Qazlal
Ru
Sif Muna
Trog
Uskayaw
Vehumet
Wu Jian
Xom
Yredelemnul
Zin
The Shining One
Beogh
Jiyva
Lugonu


Innate Abilities, Weirdness & Mutations

You have a pair of horns on your head.
You reflexively headbutt those who attack you in melee.


Message History

Trog accepts your kill.
You enter the shallow water.
Moving in this stuff is going to be slow.
A necrophage comes into view.
The wyvern closely misses you.
Things that are here:
a +0 rapier; a +0 robe; a tyrant leech corpse Unknown command.
Your unstable footing causes you to fumble your attack.
You are no longer berserk.
You are exhausted.
You feel yourself slow down. The wyvern barely misses you.
You furiously retaliate!
You headbutt the wyvern, but do no damage.
The phantasmal warrior blinks!
You feel much better. You block the wyvern's attack.
The phantasmal warrior barely misses you.
You furiously retaliate!
You headbutt the phantasmal warrior, but do no damage.
The wyvern misses you.
Unknown command.
Unknown command.
A wraith comes into view.
The phantasmal warrior hits you.
Your willpower is stripped away!
The wyvern bites you but does no damage.
The phantasmal warrior hits you!
* * * LOW HITPOINT WARNING * * *
Unknown command.
You feel much better. You block the wyvern's attack. x2
The phantasmal warrior hits you!!
* * * LOW HITPOINT WARNING * * *
Unknown command.
Your cyclops goes berserk!
The wyvern bites you.
* * * LOW HITPOINT WARNING * * *
The wraith hits your cyclops!
The wraith drains your cyclops's vigour!
Your cyclops seems to slow down.
The phantasmal warrior hits you!!
You die...

.......##..............#
''######################
''################ ###
).........#).....# ....
.........))......# .....
..#####...#####'##......
..))..#........)†.......
..#†..#.......)##+##....
..#...#.#####..#@W)# ##
..#####.'...#..#ln)# .#
..).....#[÷.'..##C##..+
...÷....#...#...≈W≈..k#
#+###...#...#........sl...
....).).#'###...####'##...
....#...........# ..# .
....#...........+ .#
################# #


You could see a phantasmal warrior, a wraith (ally target), a wyvern, a
necrophage and a friendly cyclops (summoned, berserk, slow).

Vanquished Creatures
  A vampire knight (D)
  An alligator snapping turtle (D)
  A merfolk aquamancer (D)
  An alligator (D)
  A spriggan (D)
  A sea snake (D)
  A bog body (D)
  2 phantasmal warriors (D)
  A deep elf zephyrmancer (D)
  Joseph (D)
  A black mamba (D)
  2 smoke demons (D)
  A hellwing (D)
  An ice devil (D)
  A troll (D)
  2 merfolk (D)
  A tyrant leech (D)
  Grinder (D)
  2 hornets (D)
  A flying skull (D)
  An air elemental (D)
  4 redbacks (D)
  A water elemental (D)
  A wraith (D)
  2 basilisks (D)
  A warg (D)
  Duvessa (D)
  2 floating eyes (D)
  A swamp drake (D)
  An orc warrior (D)
  A sky beast (D)
  A black bear (D)
  A necrophage (D)
  5 wolves (D)
  2 centaurs (D)
  A gnoll sergeant (D)
  Dowan (D)
  A hound (D)
  2 orc priests (D)
  Jessica (D)
  2 worker ants (D)
  An orc wizard (D)
  A hell rat (D)
  3 gnolls (D)
  2 adders (D)
  An ufetubus (D)
  An ooze (D)
  An adder zombie (D)
  2 leopard geckos (D)
  7 orcs (D)
  A bat skeleton (D)
  A giant cockroach (D)
  3 frilled lizards (D)
  2 kobolds (D)
  A leopard gecko skeleton (D)
  A rat (D)
85 creatures vanquished.

Notes
Turn   | Place    | Note
-------+----------+-------------------------------------------
     0 | D        | mhtbhm the Minotaur Fighter began the quest for the Orb.
     0 | D        | Reached XP level 1. HP: 19/19 MP: 0/0
    10 | D        | Noticed a floating eye
    13 | D        | Killed a floating eye
    14 | D        | Reached skill level 4 in Axes
    14 | D        | Reached XP level 2. HP: 31/31 MP: 1/1
    14 | D        | Reached XP level 3. HP: 38/38 MP: 2/2
    14 | D        | Reached XP level 4. HP: 45/45 MP: 3/3
    18 | D        | Found a bloodstained altar of Trog.
    18 | D        | Found a shimmering blue altar of Sif Muna.
    18 | D        | Found a viscous altar of Jiyva.
    18 | D        | Found a hazy altar of Hepliaklqana.
    18 | D        | Found an opulent altar of Gozag.
    19 | D        | Found a glowing golden altar of the Shining One.
    19 | D        | Found a glowing silver altar of Zin.
    19 | D        | Found a basalt altar of Yredelemnul.
    19 | D        | Found a shimmering altar of Xom.
    19 | D        | Found an ornate altar of the Wu Jian Council.
    19 | D        | Found a sacrificial altar of Ru.
    19 | D        | Found a stormy altar of Qazlal.
    19 | D        | Found an iron altar of Okawaru.
    19 | D        | Found a sparkling altar of Nemelex Xobeh.
    19 | D        | Found a burning altar of Makhleb.
    19 | D        | Found a blossoming altar of Fedhas.
    19 | D        | Found a white marble altar of Elyvilon.
    19 | D        | Found a shadowy altar of Dithmenos.
    19 | D        | Found a snail-covered altar of Cheibriados.
    21 | D        | Found a radiant altar of Vehumet.
    21 | D        | Found a corrupted altar of Lugonu.
    23 | D        | Became a worshipper of Trog the Wrathful
    81 | D        | Reached * piety under Trog
    87 | D        | Reached XP level 5. HP: 44/52 MP: 4/4
   156 | D        | Reached ** piety under Trog
   162 | D        | Reached *** piety under Trog
   165 | D        | Reached skill level 5 in Axes
   280 | D        | Noticed an orc warrior
   281 | D        | Noticed Jessica
   281 | D        | Noticed a floating eye
   284 | D        | Paralysed by a floating eye for 3 turns
   289 | D        | Killed Jessica
   289 | D        | Reached **** piety under Trog
   293 | D        | Killed an orc warrior
   294 | D        | Reached skill level 6 in Axes
   294 | D        | Reached XP level 6. HP: 38/62 MP: 5/5
   294 | D        | Killed a floating eye
   295 | D        | Reached skill level 7 in Axes
   295 | D        | Reached skill level 1 in Dodging
   301 | D        | Reached ***** piety under Trog
   332 | D        | Noticed a sky beast
   348 | D        | Killed a sky beast
   349 | D        | Reached skill level 10 in Armour
   349 | D        | Reached skill level 10 in Shields
   349 | D        | Reached XP level 7. HP: 32/71 MP: 6/6
   578 | D        | Noticed Joseph
   591 | D        | Killed Joseph
   592 | D        | Reached skill level 10 in Fighting
   592 | D        | Reached skill level 9 in Axes
   610 | D        | Received a gift from Trog
   621 | D        | Reached XP level 8. HP: 43/81 MP: 7/7
   784 | D        | Noticed a black mamba
   791 | D        | Killed a black mamba
   792 | D        | Reached skill level 10 in Axes
   907 | D        | Found a hide-covered altar of Uskayaw.
   907 | D        | Found an ancient bone altar of Kikubaaqudgha.
   907 | D        | Found a broken altar of Ashenzari.
   940 | D        | Received a gift from Trog
   941 | D        | Reached skill level 11 in Axes
   941 | D        | Reached skill level 1 in Stealth
   944 | D        | Reached ****** piety under Trog
   949 | D        | Reached XP level 9. HP: 67/90 MP: 8/8
  1234 | D        | Noticed a sea snake
  1234 | D        | Noticed an alligator
  1234 | D        | Noticed an ice devil
  1243 | D        | Killed an ice devil
  1244 | D        | Reached skill level 12 in Axes
  1248 | D        | Killed a sea snake
  1249 | D        | Reached skill level 13 in Axes
  1249 | D        | Killed an alligator
  1250 | D        | Reached skill level 14 in Axes
  1339 | D        | Received a gift from Trog
  1373 | D        | Noticed a phantasmal warrior
  1379 | D        | Killed a phantasmal warrior
  1380 | D        | Reached XP level 10. HP: 46/100 MP: 9/9
  1563 | D        | Reached skill level 15 in Axes
  1866 | D        | Noticed a bog body
  1876 | D        | Killed a bog body
  1876 | D        | Received a gift from Trog
  2198 | D        | Noticed a deep elf zephyrmancer
  2205 | D        | Killed a deep elf zephyrmancer
  2205 | D        | Received a gift from Trog
  2268 | D        | Noticed Duvessa
  2271 | D        | Noticed Dowan
  2277 | D        | Killed Duvessa
  2285 | D        | Killed Dowan
  2290 | D        | Noticed a smoke demon
  2304 | D        | Reached skill level 16 in Axes
  2304 | D        | Killed a smoke demon
  2304 | D        | Received a gift from Trog
  2540 | D        | Noticed a phantasmal warrior
  2540 | D        | Noticed an alligator snapping turtle
  2547 | D        | Killed a phantasmal warrior
  2557 | D        | Killed an alligator snapping turtle
  2558 | D        | Reached skill level 15 in Armour
  2601 | D        | Noticed a smoke demon
  2609 | D        | Killed a smoke demon
  2610 | D        | Reached skill level 17 in Axes
  2610 | D        | Reached XP level 11. HP: 72/110 MP: 10/10
  2792 | D        | Received a gift from Trog
  2796 | D        | Reached skill level 15 in Shields
  2812 | D        | Noticed a vampire knight
  2813 | D        | Noticed Grinder
  2822 | D        | Killed a vampire knight
  2825 | D        | Killed Grinder
  2825 | D        | Received a gift from Trog
  2861 | D        | Noticed a merfolk aquamancer
  2861 | D        | Noticed a spriggan rider
  2868 | D        | Killed a merfolk aquamancer
  2869 | D        | Reached skill level 15 in Fighting
  2869 | D        | Reached skill level 18 in Axes
  2873 | D        | Received a gift from Trog
  2874 | D        | Noticed a phantasmal warrior
  2877 | D        | Killed a spriggan rider
  2878 | D        | Reached skill level 5 in Dodging
  2890 | D        | Slain by a phantasmal warrior

Illustrated notes

Levels and vault maps discovered:
D:        pitsprint [storerooms_1, entrance_room_1, metal_vault_8, armoury_3,
          mini_pit_1, grid_room_1, main_hall_1, silver_pit, the_coven_1,
          the_vestibule_1, steel_vault_2, golden_pit, hallway_of_sentries,
          crystal_vault_3, iron_vault_3, final_vault]

Skill      XL: |  1  2  3  4  5  6  7  8  9 10 11 |
---------------+----------------------------------+-----
Fighting       | 6 7 8 9 10 11 12 14 15 | 15.5
Axes           | 4 6 7 9 11 14 17 18 | 18.6
Armour         | 6 7 9 10 11 12 13 15 16 | 16.3
Shields        | 6 7 9 10 11 12 13 14 15 | 15.7
Dodging        | 1 2 3 4 5 |  5.1
Stealth        | 1 |  1.8

Action                   |  1- 3 |  4- 6 |  7- 9 | 10-12 || total
-------------------------+-------+-------+-------+-------++-------
Melee: War axe           |     2 |       |       |       ||     2
       Hand axe          |       |    57 |    50 |       ||   107
       Headbutt          |       |     8 |    13 |    22 ||    43
       Broad axe         |       |       |    37 |   108 ||   145
Invok: Berserk           |       |     3 |     2 |     3 ||     8
       Brothers in Arms  |       |       |       |     1 ||     1
  Use: Potion            |       |       |       |     2 ||     2
Armor: Scale mail        |       |     8 |       |       ||     8
       Chain mail        |       |    12 |    41 |    83 ||   136
Dodge: Dodged            |       |    14 |    24 |    34 ||    72
Block: Kite shield       |       |    29 |    53 |    78 ||   160

Table legend: (Time is in decaauts)
 A = Elapsed time spent in this place.
 B = Non-inter-level travel time spent in this place.
 C = Inter-level travel time spent in this place.
 D = Time resting spent in this place.
 E = Time spent auto-exploring this place.
 F = Levels seen in this place.
 G = Mean time per level.
                   A        B        C        D        E       F      G
               +--------+--------+--------+--------+--------+-----+--------+
         Total |   2970 |   2970 |      0 |   2153 |     84 |   1 | 2970.0 |
       Dungeon |   2970 |   2970 |      0 |   2153 |     84 |   1 | 2970.0 |
               +--------+--------+--------+--------+--------+-----+--------+

Top non-repeatable levels by time:
       D: 2970 daAuts
